 Dungeon Sprint DCSS version 0.23-a0-171-g5ae17c6 (webtiles) character file.

8215 Fang the Severer (level 11, -17/80 HPs)
             Began as a Gargoyle Berserker on Sept 13, 2018.
             Was the Champion of Trog.
             Demolished by a reaper
             ... wielding a +5 scythe of freezing
             ... summoned by a mummy priest's death curse
              (24 damage)
             ... in the Dungeon (Sprint V: "Ziggurat Sprint").
             The game lasted 00:05:34 (655 turns).

Fang the Severer (Gargoyle Berserker)                Turns: 655, Time: 00:05:34

Health: -17/80     AC: 29    Str: 29    XL:     11   Next: 27%
Magic:  11/11      EV: 11    Int:  7    God:    Trog [******]
Gold:   0          SH:  0    Dex:  9    Spells: 10/10 levels left

rFire    + . .     SeeInvis +   I - +3 hand axe (holy)
rCold    . . .     Gourm    .   (no shield)
rNeg     + . .     Faith    .   j - +5 shadow dragon scales
rPois    ∞         Spirit   .   (no helmet)
rElec    +         Reflect  .   (no cloak)
rCorr    .         Harm     .   (no gloves)
MR       .....     NoTele   +   E - +0 pair of boots of Ashenzari's Supremacy {Stlth+}
Stlth    +++.......             (no amulet)
HPRegen  0.23/turn              D - +6 ring of strength
MPRegen  0.12/turn              H - ring "Ughaj" {rF+ SInv}

@: berserk cooldown, slowed, very slow
A: dopey 1, negative energy resistance 1, electricity resistance, unbreathing,
petrification resistance, rot immunity, AC +8
a: Berserk, Trog's Hand, Brothers in Arms, Renounce Religion


You were in the Dungeon.
You worshipped Trog.
Trog was exalted by your worship.
You were not hungry.

You visited 1 branch

Inventory:

Hand Weapons
 k - a +5 executioner's axe
 C - a +1 battleaxe of venom
 I - a +3 hand axe of holy wrath (weapon)
 J - a +3 war axe of chopping
Armour
 j - +5 shadow dragon scales (worn)
 z - a +2 chain mail of fire resistance
 E - the +0 pair of boots of Ashenzari's Supremacy (worn) {Stlth+}
   (You found it in the Dungeon)

   It makes you more stealthy.
Jewellery
 A - an uncursed ring of fire
 B - the ring "Miamp" {rN+ MP+9 Int-5 Slay+2 SInv}
   (You found it in the Dungeon)

   [ring of magical power]

   It affects your intelligence (-5).
   It affects your accuracy and damage with ranged weapons and melee attacks
   (+2).
   It protects you from negative energy.
   It affects your magic capacity (+9).
   It lets you see invisible.
 D - a +6 ring of strength (left hand)
 H - the ring "Ughaj" (right hand) {rF+ SInv}
   (You found it in the Dungeon)

   [ring of see invisible]

   It protects you from fire.
   It lets you see invisible.
Wands
 w - a wand of disintegration (7)
 x - a wand of iceblast (7)
 y - a wand of acid (7)
Scrolls
 i - 4 scrolls of blinking
 l - 7 scrolls of fog
 m - a scroll of holy word
 n - 5 scrolls of identify
 o - 5 scrolls of remove curse
 p - 2 scrolls of fear
Potions
 d - 10 potions of curing
 e - 10 potions of heal wounds
 f - 6 potions of haste
 g - 7 potions of magic
 h - 3 potions of berserk rage
 q - 2 potions of brilliance
 r - 2 potions of invisibility
 s - 4 potions of resistance
 t - a potion of experience
 u - 5 potions of agility
 v - 5 potions of might
Miscellaneous
 a - a sack of spiders
 b - 2 boxes of beasts
 F - a phial of floods
 G - a phial of floods
Comestibles
 c - 6 rations


   Skills:
 + Level 14.2 Fighting
 + Level 17.7 Axes
 + Level 11.2 Armour
 + Level 6.0 Dodging
 + Level 0.9 Stealth


You had 10 spell levels left.
You didn't know any spells.
Your spell library was empty.

Dungeon Overview and Level Annotations

Branches:
Dungeon (1/1)

Altars:
Ashenzari
Cheibriados
Dithmenos
Elyvilon
Fedhas
Gozag
Hepliaklqana
Kikubaaqudgha
Makhleb
Nemelex Xobeh
Okawaru
Qazlal
Ru
Sif Muna
Trog
Uskayaw
Vehumet
Wu Jian
Xom
Yredelemnul
Zin
The Shining One
Beogh
Jiyva
Lugonu

Annotations:
D 1 transporter


Innate Abilities, Weirdness & Mutations

You are resistant to torment.
Your stone body is resilient. (AC +8)
You are immune to poison.
You resist negative energy. (rN+)
You are resistant to electric shocks. (rElec)
You can survive without breathing.
You are immune to petrification.
You are immune to rotting.
You are dopey. (Int -2)


Message History

The soul eater disappears in a puff of smoke!
Your Dodging skill increases to level 6!
Your deep troll closely misses the mummy.
Your deep troll claws the mummy.
Your deep troll claws the mummy!!
The mummy is destroyed!
Trog accepts your kill.
Your deep troll bites the reaper!
Your deep troll barely misses the reaper.
Your deep troll claws the reaper.
The reaper hits you from afar with a scythe of freezing.
* * * LOW HITPOINT WARNING * * *
The reaper freezes you.
* * * LOW HITPOINT WARNING * * *
Your deep troll bites the reaper but does no damage.
Your deep troll barely misses the reaper. x2
Your deep troll bites the reaper!
Your deep troll closely misses the reaper.
Your deep troll claws the reaper!!
The reaper hits you from afar with a scythe of freezing!!
You die...

▓▓▓▓▓▓▓▓▓▓▓▓▓▓▓▓▓▓▓
▓...8©8...▓..8©8..▓
▓..)|?:?..▓..)"...▓
▓..."!:...▓....|..▓
▓.........▓.......▓
▓.........▓.......▓
▓..2......▓.......▓
▓...T.....▓.......▓
▓.▓..@..▓.▓.▓...▓.▓
▓....©....▓...©...▓
▓▓▓▓▓▓▓▓▓▓▓▓▓▓▓▓▓▓▓


You could see a reaper and a friendly deep troll (berserk).

Vanquished Creatures
  A large abomination (D)
  An eye of devastation (D)
  An orange demon (D)
  2 hellwings (D)
  2 slime creatures (D)
  A flying skull (D)
  A floating eye (D)
  3 ogres (D)
  2 crimson imps (D)
  A jelly (D)
  An orc priest (D)
  6 orc wizards (D)
  3 iron imps (D)
  3 mummies (D)
  2 shadow imps (D)
  A white imp (D)
  2 ufetubi (D)
  3 oozes (D)
  An orc (D)
  A quokka zombie (D)
38 creatures vanquished.

Vanquished Creatures (collateral kills)
  A greater mummy (D)
  A mummy priest (D)
  A thrashing horror (D)
  A rust devil (D)
  A neqoxec (D)
  A quasit (D)
  A mummy (D)
7 creatures vanquished.

Grand Total: 45 creatures vanquished

Notes
Turn   | Place    | Note
-------+----------+-------------------------------------------
     0 | D        | Found the +6 Majin-Bo {vamp, Archmagi MP+6 Int+6}
     0 | D        | Found the +7 great mace "Firestarter" {inner flame, rF++}
     0 | D        | Fang the Gargoyle Berserker began the quest for the Orb.
     0 | D        | Reached XP level 1. HP: 14/14 MP: 1/1
     3 | D        | Found a blossoming altar of Fedhas.
     4 | D        | Found a viscous altar of Jiyva.
     4 | D        | Found a hazy altar of Hepliaklqana.
     4 | D        | Found a transporter.
     4 | D        | Found an opulent altar of Gozag.
     4 | D        | Found an ancient bone altar of Kikubaaqudgha.
     4 | D        | Found a corrupted altar of Lugonu.
     8 | D        | Found a burning altar of Makhleb.
     9 | D        | Found a sacrificial altar of Ru.
     9 | D        | Found a stormy altar of Qazlal.
     9 | D        | Found a deep blue altar of Sif Muna.
     9 | D        | Found an iron altar of Okawaru.
     9 | D        | Found a bloodstained altar of Trog.
     9 | D        | Found a sparkling altar of Nemelex Xobeh.
    82 | D        | Entered arena 2.
    82 | D        | Noticed a slime creature
    82 | D        | Noticed a jelly
    82 | D        | Found a transporter.
    84 | D        | Killed a jelly
    84 | D        | Reached skill level 5 in Fighting
    84 | D        | Reached skill level 4 in Axes
    84 | D        | Reached XP level 2. HP: 21/21 MP: 2/2
    84 | D        | Reached XP level 3. HP: 26/26 MP: 3/3
    90 | D        | Killed a slime creature
    90 | D        | Reached skill level 7 in Axes
    90 | D        | Reached XP level 4. HP: 36/36 MP: 4/4
    90 | D        | Reached XP level 5. HP: 40/40 MP: 5/5
   140 | D        | Entered arena 3.
   140 | D        | Noticed an ogre
   140 | D        | Noticed an ogre
   140 | D        | Noticed an ogre
   140 | D        | Found a transporter.
   145 | D        | Killed an ogre
   145 | D        | Reached ** piety under Trog
   145 | D        | Reached skill level 8 in Axes
   145 | D        | Reached skill level 5 in Armour
   145 | D        | Reached XP level 6. HP: 21/46 MP: 6/6
   147 | D        | Reached skill level 9 in Axes
   149 | D        | Reached XP level 7. HP: 25/52 MP: 7/7
   345 | D        | Entered arena 4.
   345 | D        | Found a transporter.
   348 | D        | Reached *** piety under Trog
   348 | D        | Reached skill level 10 in Fighting
   352 | D        | Reached **** piety under Trog
   362 | D        | Entered arena 5.
   362 | D        | Found a transporter.
   369 | D        | Reached skill level 10 in Axes
   371 | D        | Reached ***** piety under Trog
   383 | D        | Got the ring "Miamp" {rN+ MP+9 Int-5 Slay+2 SInv}
   390 | D        | Entered arena 6.
   390 | D        | Found a transporter.
   397 | D        | Received a gift from Trog
   466 | D        | Entered arena 7.
   466 | D        | Noticed a neqoxec
   466 | D        | Noticed a large abomination
   466 | D        | Noticed a thrashing horror
   469 | D        | Killed a thrashing horror
   469 | D        | Reached skill level 11 in Axes
   469 | D        | Reached XP level 8. HP: 59/59 MP: 8/8
   470 | D        | Found a transporter.
   476 | D        | Killed a large abomination
   476 | D        | Received a gift from Trog
   476 | D        | Reached skill level 13 in Axes
   476 | D        | Gained mutation: You are dopey. (Int -2) [a neqoxec]
   476 | D        | Reached XP level 9. HP: 64/64 MP: 9/9
   483 | D        | Got the ring "Ughaj" {rF+ SInv}
   522 | D        | Entered arena 8.
   522 | D        | Noticed an eye of devastation
   524 | D        | Found a transporter.
   526 | D        | Paralysed by a floating eye for 4 turns
   532 | D        | Killed an eye of devastation
   533 | D        | Reached skill level 14 in Axes
   538 | D        | Got the +0 pair of boots of Ashenzari's Supremacy {Stlth+}
   568 | D        | Entered arena 9.
   568 | D        | Noticed an orange demon
   568 | D        | Noticed a rust devil
   568 | D        | Noticed a hellwing
   568 | D        | Noticed a hellwing
   569 | D        | Found the +10 zealot's sword {holy, *Rage rN+ EV+3}
   571 | D        | Found a transporter.
   576 | D        | Killed a hellwing
   576 | D        | Reached skill level 5 in Dodging
   577 | D        | Killed a rust devil
   577 | D        | Reached ****** piety under Trog
   583 | D        | Killed an orange demon
   583 | D        | Received a gift from Trog
   583 | D        | Reached skill level 15 in Axes
   585 | D        | Killed a hellwing
   585 | D        | Reached XP level 10. HP: 72/72 MP: 10/10
   628 | D        | Entered arena 10.
   628 | D        | Noticed a greater mummy
   628 | D        | Noticed a mummy priest
   631 | D        | Found a transporter.
   637 | D        | Noticed a smoke demon
   637 | D        | Noticed an orange demon
   650 | D        | Noticed a soul eater
   651 | D        | Killed a greater mummy
   651 | D        | Received a gift from Trog
   651 | D        | Reached skill level 17 in Axes
   651 | D        | Reached XP level 11. HP: 19/80 MP: 11/11
   653 | D        | Killed a mummy priest
   654 | D        | Noticed a reaper
   655 | D        | Demolished by a reaper

Vault maps used:
D:        sprint_v

Skill      XL: |  1  2  3  4  5  6  7  8  9 10 11 |
---------------+----------------------------------+-----
Fighting       | 5 8 9 10 11 12 14 | 14.2
Axes           | 4 7 8 9 11 13 15 17 | 17.7
Armour         | 3 4 5 7 8 11 | 11.2
Dodging        | 2 3 4 5 6 |  6.0
Stealth        | |  0.9

Action                   |  1- 3 |  4- 6 |  7- 9 | 10-12 || total
-------------------------+-------+-------+-------+-------++-------
Melee: Executioner's axe |     7 |     6 |    34 |       ||    47
       Hand axe          |       |       |    12 |    17 ||    29
Invok: Berserk           |     1 |     1 |     3 |     1 ||     6
       Brothers in Arms  |       |       |     2 |     1 ||     3
  Eat: Chunk             |       |       |     3 |       ||     3
       Ration            |       |       |       |     1 ||     1
Armor: Shadow dragon sca |     5 |     1 |    61 |     6 ||    73
Dodge: Dodged            |       |     2 |    34 |    11 ||    47

Table legend:
 A = Non-vault XP
 B = Vault XP
 C = Vault XP percentage of total XP
 D = Non-vault monster count
 E = Vault monster count
 F = Vault count percentage of total count
                 A         B        C        D         E       F
            +---------+---------+-------+---------+---------+-------
      Total |       0 |   11737 | 100.0 |       0 |      45 | 100.0
            +---------+---------+-------+---------+---------+-------
          D |       0 |   11737 | 100.0 |       0 |      45 | 100.0
            +---------+---------+-------+---------+---------+-------
